 Dungeon Crawl Stone Soup version 0.22-a0-482-g76e0a5f51a (webtiles) character file.

1064 Oravi the Conjurer (level 8, -3/57 HPs)
             Began as a Red Draconian Conjurer on June 17, 2018.
             Slain by an ogre
             ... wielding a +0 giant club
              (19 damage)
             ... on level 5 of the Dungeon.
             The game lasted 00:21:30 (5967 turns).

Oravi the Conjurer (Red Draconian Conjurer)         Turns: 5967, Time: 00:21:31

Health: -3/57      AC:  7    Str: 10    XL:     8   Next: 6%
Magic:  0/17       EV: 12    Int: 18    God:
Gold:   44         SH:  0    Dex: 12    Spells: 8/19 levels left

rFire    + . .     SeeInvis .   k - +0 rapier (venom)
rCold    . . .     Gourm    .   (no shield)
rNeg     . . .     Faith    .   (armour unavailable)
rPois    .         Spirit   .   (helmet restricted)
rElec    .         Reflect  .   (no cloak)
rCorr    .         Harm     .   d - +0 pair of gloves
MR       .....                  (no boots)
Stlth    +++.......             (no amulet)
HPRegen  0.19/turn              e - ring of stealth
MPRegen  0.15/turn              (no ring)

@: very slightly contaminated
A: breathe fire, unfitting armour, fire resistance 1, cold-blooded, AC +6
a: Breathe Fire


You were on level 5 of the Dungeon.
You were very hungry.

You visited 1 branch of the dungeon, and saw 5 of its levels.

You collected 247 gold pieces.
You spent 203 gold pieces at shops.

Inventory:

Hand Weapons
 g - a +2 dagger of venom
 k - a +0 rapier of venom (weapon)
Missiles
 c - 40 sling bullets
 i - 76 stones (quivered)
 l - 17 poisoned needles
 u - 8 needles of sleeping
Armour
 d - a +0 pair of gloves (worn)
 p - a +0 large shield
Jewellery
 e - a ring of stealth (left hand)
 v - an uncursed ring of see invisible {unknown}
Wands
 o - a wand of paralysis (16)
 r - a wand of flame (18)
Scrolls
 h - 4 scrolls of remove curse
 j - a scroll of enchant weapon
 q - 3 scrolls of teleportation
Potions
 a - a potion of ambrosia
 f - 2 potions of curing
 m - a potion of heal wounds
 n - a potion of haste
 s - 2 potions of might
 t - a potion of lignification
Comestibles
 b - 13 rations


   Skills:
 - Level 1.7 Dodging
 - Level 1.7 Stealth
 + Level 6.1 Spellcasting
 + Level 7.6 Conjurations
 + Level 2.3 Translocations


You had 8 spell levels left.
You knew the following spells:

 Your Spells              Type           Power        Failure   Level  Hunger
a - Magic Dart            Conj           ####         1%          1    None
b - Searing Ray           Conj           ####..       1%          2    None
c - Iskenderun's Mystic   Conj           ####....     5%          4    ####...
d - Force Lance           Conj/Tloc      ###.....     16%         4    ####...

Your spell library contained the following spells:

 Spells                   Type           Power        Failure   Level  Hunger
 Fulminant Prism          Conj/Hex       ###.......   24%         4    ####...
 Dazzling Spray           Conj/Hex       ###...       8%          3    ##.....


Dungeon Overview and Level Annotations

Branches:
Dungeon (5/15)
 Temple: D:4-7

Altars:
Elyvilon
Fedhas
Nemelex Xobeh
Qazlal
Sif Muna
Trog
Xom

Shops:
D:5 ?


Innate Abilities, Weirdness & Mutations

You can breathe blasts of fire.
Your fiery red scales are hard. (AC +6)
You cannot fit into any form of body armour.
Your flesh is heat resistant. (rF+)
You are cold-blooded and may be slowed by cold attacks.


Message History

The ogre is moderately wounded.
You hit the ogre.
The ogre is poisoned.
The ogre is heavily wounded.
The ogre hits you with a giant club!!
* * * LOW HITPOINT WARNING * * *
You are too injured to fight recklessly!
You see here a club.
Casting: Iskenderun's Mystic Blast (safe; 5% risk of failure)
Confirm with . or Enter, or press ? or * to list all spells.
Aiming: Searing Ray (safe; 1% risk of failure)
Press: ? - help, Shift-Dir - straight line, f - ogre
Aim: an ogre, wielding a giant club (heavily wounded, poisoned)
The searing ray misses the ogre. (Press . to maintain the ray.)
The ogre hits you but does no damage.
The searing ray hits the ogre.
The ogre is severely wounded.
You are feeling very hungry.
The ogre hits you with a giant club!!
You die...

#..##...#....#..
#....#..##...#....###
#....#..##'####......
#....#........#......
#....#........#......
#....#........#......
#####....#####....#......
..(..........#....#######
....(()O@....+...........
.....####....#...........
.). #....###+####.... .
#...........#....
#...........#....
#...........#'###
#####............
#............
#............


You could see an ogre.

Vanquished Creatures
  Grinder (D:4)
  An ice beast (D:5)
  2 ogres
  A water moccasin skeleton (D:4)
  2 crimson imps (D:5)
  2 orc priests (D:2)
  4 orc wizards
  5 worker ants
  4 gnolls (D:5)
  5 adders
  An ooze (D:2)
  5 worms
  A dart slug (D:1)
  7 leopard geckos
  10 orcs
  11 bats
  7 giant cockroaches
  7 hobgoblins
  4 jackals
  6 kobolds
  A quokka (D:2)
  4 frilled lizards
  9 goblins
  8 rats
108 creatures vanquished.

Notes
Turn   | Place    | Note
-------+----------+-------------------------------------------
     0 | D:1      | Oravi the Draconian Conjurer began the quest for the Orb.
     0 | D:1      | Reached XP level 1. HP: 14/14 MP: 3/3
   387 | D:1      | Reached XP level 2. HP: 20/20 MP: 1/5
   391 | D:1      | Learned a level 2 spell: Searing Ray
   523 | D:1      | Found a basalt altar of Yredelemnul.
   532 | D:1      | Found a stormy altar of Qazlal.
   532 | D:1      | Found a bloodstained altar of Trog.
   563 | D:1      | Found a shimmering altar of Xom.
   563 | D:1      | Found a deep blue altar of Sif Muna.
   563 | D:1      | Found a glowing golden altar of the Shining One.
  1314 | D:2      | Reached XP level 3. HP: 26/26 MP: 1/7
  2025 | D:2      | Reached XP level 4. HP: 33/33 MP: 5/8
  2203 | D:2      | Reached skill level 5 in Conjurations
  2458 | D:2      | Found a faded altar of an unknown god.
  2721 | D:2      | Reached XP level 5. HP: 31/38 MP: 5/10
  3032 | D:3      | Found a white marble altar of Elyvilon.
  3073 | D:3      | Noticed an ogre
  3089 | D:3      | Killed an ogre
  3253 | D:3      | Reached XP level 6. HP: 45/45 MP: 12/12
  3463 | D:3      | Found a bloodstained altar of Trog.
  3463 | D:3      | Found a sparkling altar of Nemelex Xobeh.
  4255 | D:4      | Reached skill level 6 in Conjurations
  4260 | D:4      | Noticed Grinder
  4268 | D:4      | Killed Grinder
  4268 | D:4      | Reached skill level 5 in Spellcasting
  4362 | D:4      | Your scales start taking on a fiery red colour.
  4362 | D:4      | Reached XP level 7. HP: 50/50 MP: 8/14
  4362 | D:4      | Gained mutation: Your flesh is heat resistant. (rF+) [Red Draconian growth]
  4448 | D:4      | Found a stormy altar of Qazlal.
  4470 | D:4      | Found a blossoming altar of Fedhas.
  4542 | D:4      | Reached skill level 7 in Conjurations
  4576 | D:4      | Learned a level 4 spell: Iskenderun's Mystic Blast
  4582 | D:4      | Learned a level 4 spell: Force Lance
  4924 | D:5      | Entered Level 5 of the Dungeon
  5005 | D:5      | Found Eptaezubb's Magic Scroll Boutique.
  5015 | D:5      | Bought a scroll of enchant weapon for 105 gold pieces
  5015 | D:5      | Bought a scroll of teleportation for 42 gold pieces
  5015 | D:5      | Bought a scroll of identify for 28 gold pieces
  5015 | D:5      | Bought a scroll of identify for 28 gold pieces
  5117 | D:5      | Reached skill level 1 in Translocations
  5424 | D:5      | Reached XP level 8. HP: 57/57 MP: 0/17
  5967 | D:5      | Slain by an ogre

Vault maps used:
D:1:      dpeg_arrival_long_road, doesnt_xom_only_xom
D:2:      chequers_ecumenical_altar_grove, serial_bayou_pond_b
D:3:      elyvilon_altar_5, gammafunk_temple_overflow_wave
D:4:      grunt_temple_overflow_forces_of_nature, first_ration,
          minmay_misc_feat_iff, uniq_grinder
D:5:      serial_shops, nicolae_shop_trees

Skill      XL: |  1  2  3  4  5  6  7 |
---------------+----------------------+-----
Spellcasting   | 3 4 5 6 |  6.1
Conjurations   | 5 6 7 |  7.6
Translocations | 2 |  2.3
Dodging        | |  1.7
Stealth        | |  1.7

Action                   |  1- 3 |  4- 6 |  7- 9 || total
-------------------------+-------+-------+-------++-------
Melee: Unarmed           |    14 |       |       ||    14
       Tailslap          |     2 |     6 |     6 ||    14
       Dagger            |     9 |    42 |       ||    51
       Rapier            |       |     3 |    89 ||    92
Throw: Tomahawk          |    29 |    47 |    11 ||    87
       Stone             |    16 |    28 |    75 ||   119
 Cast: Magic Dart        |    37 |     2 |     1 ||    40
       Searing Ray       |    11 |    11 |     6 ||    28
       Iskenderun's Myst |       |       |    12 ||    12
  Use: Scroll            |     5 |       |     4 ||     9
  Eat: Chunk             |     4 |     7 |     7 ||    18
Armor: Skin              |     7 |    14 |    24 ||    45
Dodge: Dodged            |    15 |    30 |    49 ||    94

Table legend:
 A = Spawn XP
 B = Non-spawn XP
 C = Spawn XP percentage of total XP
 D = Spawn monster count
 E = Non-spawn monster count
 F = Spawn count percentage of total count
 G = Total turns spent on level
                    A         B        C        D         E        F      G
               +---------+---------+-------+---------+---------+-------+---------
         Total |       0 |    1520 |   0.0 |       0 |     108 |   0.0 |  5967
               +---------+---------+-------+---------+---------+-------+---------
           D:1 |       0 |      30 |   0.0 |       0 |      16 |   0.0 |  1105
           D:2 |       0 |     207 |   0.0 |       0 |      31 |   0.0 |  1831
           D:3 |       0 |     164 |   0.0 |       0 |      25 |   0.0 |  1303
           D:4 |       0 |     630 |   0.0 |       0 |      15 |   0.0 |   764
           D:5 |       0 |     489 |   0.0 |       0 |      21 |   0.0 |   964
               +---------+---------+-------+---------+---------+-------+---------
